 Dungeon Crawl Stone Soup version 0.24-a0-459-g225fefd530 (webtiles) character file.

Game seed: 13009330950133263127

40 vurker the Charmwright (level 3, 0/31 HPs)
             Began as a Gnoll Skald on June 30, 2019.
             Killed from afar by an orc wizard (9 damage)
             ... with a puff of flame
             ... on level 2 of the Dungeon.
             The game lasted 00:03:33 (1405 turns).

vurker the Charmwright (Gnoll Skald)                Turns: 1405, Time: 00:03:34

Health: 0/31       AC:  4    Str: 13    XL:     3   Next: 50%
Magic:  8/9        EV: 14    Int: 16    God:
Gold:   65         SH:  0    Dex: 14    Spells: 5/12 levels left

rFire    . . .     SeeInvis .   a - +0 spear
rCold    . . .     Gourm    .   (no shield)
rNeg     . . .     Faith    .   b - +0 leather armour
rPois    .         Spirit   .   (no helmet)
rElec    .         Reflect  .   h - +0 cloak
rCorr    .         Harm     .   (no gloves)
MR       .....                  (no boots)
Stlth    +.........             (no amulet)
HPRegen  0.10/turn              (no ring)
MPRegen  0.11/turn              (no ring)

@: no status effects
A: distributed training, fangs 1, strong nose
a: no special abilities


You were on level 2 of the Dungeon.
You were hungry.

You visited 1 branch of the dungeon, and saw 2 of its levels.

You collected 65 gold pieces.

Inventory:

Hand Weapons
 a - a +0 spear (weapon)
Armour
 b - a +0 leather armour (worn)
 h - a +0 cloak (worn)
   (You found it on level 1 of the Dungeon)
Wands
 t - a wand of flame (19)
   (You found it on level 2 of the Dungeon)
Comestibles
 e - 2 rations {!d}


   Skills:
 + Level 4.5 Fighting
 + Level 0.8 Short Blades
 + Level 0.8 Long Blades
 + Level 0.8 Axes
 + Level 0.8 Maces & Flails
 + Level 4.5 Polearms
 + Level 0.8 Staves
 + Level 0.8 Slings
 + Level 0.8 Bows
 + Level 0.8 Crossbows
 + Level 0.8 Throwing
 + Level 2.6 Armour
 + Level 4.5 Dodging
 + Level 0.8 Stealth
 + Level 0.8 Shields
 + Level 0.8 Unarmed Combat
 + Level 5.0 Spellcasting
 + Level 0.5 Conjurations
 + Level 0.5 Hexes
 + Level 5.4 Charms
 + Level 0.5 Summonings
 + Level 0.5 Necromancy
 + Level 0.5 Translocations
 + Level 0.5 Transmutations
 + Level 0.5 Fire Magic
 + Level 0.5 Ice Magic
 + Level 0.5 Air Magic
 + Level 0.5 Earth Magic
 + Level 0.5 Poison Magic
 + Level 1.0 Invocations
 + Level 0.8 Evocations


You had 5 spell levels left.
You knew the following spells:

 Your Spells              Type           Power        Failure   Level  Hunger
a - Infusion              Chrm           ###.         1%          1    None
b - Spectral Weapon       Hex/Chrm       ##......     17%         3    ###....
q - Regeneration          Chrm/Necr      ##........   17%         3    ###....

Your spell library contained the following spells:

 Spells                   Type           Power        Failure   Level  Hunger
 Song of Slaying          Chrm           ###.....     3%          2    #......
 Shroud of Golubria       Chrm/Tloc      ##....       9%          2    #......


Dungeon Overview and Level Annotations

Branches:
Dungeon (2/15)

Altars:


Innate Abilities, Weirdness & Mutations

Your experience applies equally to all skills.
You have very sharp teeth.
Your uncanny sense of smell can sniff out nearby items.


Message History

You're too confused to move!
The orc hits you with a +0 war axe!
You hear some strange, mumbled words.
You are more confused.
You bump into the rock wall.
The orc closely misses you.
The orc barely misses your spectral weapon.
You hear some strange, mumbled words.
Something tries to affect you, but you resist.
Unknown command.
You hit the orc.
Your spectral weapon misses the orc.
The orc hits you with a +0 war axe.
* * * LOW HITPOINT WARNING * * *
The orc hits your spectral weapon with a +0 war axe.
Your spectral weapon shares its damage with you!
* * * LOW HITPOINT WARNING * * *
Something hits you.
* * * LOW HITPOINT WARNING * * *
It was a potion of heal wounds.
You feel much better. Something hits you but does no damage.
The orc hits you with a +0 war axe.
The orc hits your spectral weapon with a +0 war axe.
Your spectral weapon shares its damage with you!
You hit the orc.
Your spectral weapon hits the orc.
You kill the orc!
Your Invocations skill increases to level 1!
Something hits you.
You're too confused!
You're too confused!
You bump into the rock wall.
You hear some strange, mumbled words.
A puff of flame appears from out of thin air!
The puff of flame hits you.
You bump into the rock wall.
Something hits you but does no damage.
You hit your spectral weapon.
Your spectral weapon fades away.
Something hits you but does no damage.
You completely miss something. You hit something. Something hits you.
* * * LOW HITPOINT WARNING * * *
You barely miss something. Something hits you.
* * * LOW HITPOINT WARNING * * *
You bump into the rock wall.
Something hits you but does no damage.
You feel less confused.
You hear some strange, mumbled words.
A puff of flame appears from out of thin air!
The puff of flame hits you!
You die...

#. #.#.####### #.## #....# #.
#...# ##...######.# #.##.#.#
##.....#####.##
##.##.#.######.......##.....
#...........................
#............#...<....#.#.#.
#...#.#.####.##.....###.#.##
##...#.#.####.#.....####.#.##
#..#......).@.............(..
#....#.#..{...)............##
#.#.##.######.##....####.#.#
#.#.##.# #..<............##
#.#.##.#####.####............
#J#.##....)..# #.########.##
#.#.########## #.# #.# #.#.#
#.# #.# #o#.# #.# #.#


There were no monsters in sight!

Vanquished Creatures
  An ooze (D:2)
  A dart slug (D:1)
  4 orcs (D:2)
  A bat (D:1)
  2 giant cockroaches
  4 goblins
  A hobgoblin (D:2)
  4 jackals (D:2)
  3 frilled lizards
  5 kobolds
  3 rats
29 creatures vanquished.

Notes
Turn   | Place    | Note
-------+----------+-------------------------------------------
     0 | D:1      | vurker the Gnoll Skald began the quest for the Orb.
     0 | D:1      | Reached XP level 1. HP: 20/20 MP: 6/6
   299 | D:1      | Reached XP level 2. HP: 26/26 MP: 7/7
  1108 | D:2      | Reached XP level 3. HP: 23/31 MP: 2/9
  1109 | D:2      | Reached skill level 5 in Spellcasting
  1373 | D:1      | Learned a level 3 spell: Spectral Weapon
  1377 | D:1      | Learned a level 3 spell: Regeneration
  1397 | D:2      | Reached skill level 1 in Invocations
  1405 | D:2      | Killed from afar by an orc wizard

Levels and vault maps discovered:
D:1:      wander_arrival_fairy_ring, layout_basic
D:2:      layout_loops_ring, uniq_jessica, uniq_robin

Skill      XL: |  1  2  3 |
---------------+----------+-----
Spellcasting   | 5 |  5.0
Invocations    | 1 |  1.0
Fighting       | |  4.5
Short Blades   | |  0.8
Long Blades    | |  0.8
Axes           | |  0.8
Maces & Flails | |  0.8
Polearms       | |  4.5
Staves         | |  0.8
Slings         | |  0.8
Bows           | |  0.8
Crossbows      | |  0.8
Throwing       | |  0.8
Armour         | |  2.6
Dodging        | |  4.5
Stealth        | |  0.8
Shields        | |  0.8
Unarmed Combat | |  0.8
Conjurations   | |  0.5
Hexes          | |  0.5
Charms         | |  5.4
Summonings     | |  0.5
Necromancy     | |  0.5
Translocations | |  0.5
Transmutations | |  0.5
Fire Magic     | |  0.5
Ice Magic      | |  0.5
Air Magic      | |  0.5
Earth Magic    | |  0.5
Poison Magic   | |  0.5
Evocations     | |  0.8

Action                   || total
-------------------------++-------
Melee: Spear             ||   143
       Bite              ||     9
 Cast: Infusion          ||     1
       Spectral Weapon   ||     1
  Use: Potion            ||     2
       Scroll            ||     1
 Stab: Sleeping          ||     3
  Eat: Chunk             ||     1
Armor: Leather armour    ||    22
Dodge: Dodged            ||    52

Table legend:
 A = Non-vault XP
 B = Vault XP
 C = Vault XP percentage of total XP
 D = Non-vault monster count
 E = Vault monster count
 F = Vault count percentage of total count
                 A         B        C        D         E       F
            +---------+---------+-------+---------+---------+-------
      Total |      58 |       0 |   0.0 |      29 |       0 |   0.0
            +---------+---------+-------+---------+---------+-------
        D:1 |      20 |       0 |   0.0 |      12 |       0 |   0.0
        D:2 |      38 |       0 |   0.0 |      17 |       0 |   0.0
            +---------+---------+-------+---------+---------+-------
